 Dungeon Crawl Stone Soup version 0.23-a0-767-gdc19b93d68 (webtiles) character file.

1155 Oravi the Vandal (level 8, 0/54 HPs)
             Began as a Formicid Arcane Marksman on Jan 24, 2019.
             Slain by a black bear (5 damage)
             ... on level 8 of the Dungeon.
             The game lasted 00:32:04 (5575 turns).

Oravi the Vandal (Formicid Arcane Marksman)         Turns: 5575, Time: 00:32:05

Health: 0/54       AC:  5    Str: 15    XL:     8   Next: 66%
Magic:  15/15      EV: 11    Int: 15    God:
Gold:   169        SH:  4    Dex: 11    Spells: 10/16 levels left

rFire    + . .     SeeInvis +   w - +2 dagger (venom)
rCold    . . .     Gourm    .   i - +0 buckler
rNeg     . . .     Faith    .   g - +0 ring mail
rPois    .         Spirit   .   (helmet unavailable)
rElec    .         Reflect  .   (no cloak)
rCorr    +         Harm     .   (no gloves)
MR       .....                  (no boots)
Stlth    +.........             (no amulet)
HPRegen  0.18/turn              s - ring of resist corrosion
MPRegen  0.14/turn              v - ring of protection from fire

@: very slightly contaminated, invisible
A: permanent stasis, dig shafts and tunnels, four strong arms, antennae 3
a: Dig, Shaft Self


You were on level 8 of the Dungeon.
You were not hungry.

You visited 1 branch of the dungeon, and saw 8 of its levels.

You collected 169 gold pieces.

Inventory:

Hand Weapons
 a - a +0 hunting sling
 h - a +0 dagger
 m - a +2 whip of freezing
 n - a +1 short sword of speed
 o - a +2 dagger of holy wrath
 w - a +2 dagger of venom (weapon)
 z - a cursed +0 hand axe
Missiles
 d - 10 sling bullets
 k - 101 stones (quivered)
Armour
 e - a +1 robe
 g - a +0 ring mail (worn)
 i - a +0 buckler (worn)
 t - a +0 scale mail
Jewellery
 s - a ring of resist corrosion (left hand)
 v - a ring of protection from fire (right hand)
Wands
 p - a wand of disintegration (12)
 r - a wand of polymorph (7)
Scrolls
 j - a scroll of amnesia
Potions
 u - a potion of degeneration {unknown}
Comestibles
 f - 6 rations


   Skills:
 - Level 1.1 Fighting
 * Level 7.6 Slings
 - Level 1.7 Dodging
 - Level 2.4 Shields
 + Level 4.7 Spellcasting
 + Level 6.6 Hexes


You had 10 spell levels left.
You knew the following spells:

 Your Spells              Type           Power        Failure   Level  Hunger
a - Corona                Hex            ###....      2%          1    None
b - Slow                  Hex            ###.....     3%          2    ##.....
c - Portal Projectile     Hex/Tloc       ##....       26%         3    ###....

Your spell library contained the following spells:

 Spells                   Type           Power        Failure   Level  Hunger
 Cause Fear               Hex            ###.......   22%         4    ####...
 Inner Flame              Hex/Fire       ##......     26%         3    ###....
 Animate Skeleton         Necr           N/A          32%         1    None
 Pain                     Necr           #...         32%         1    None
 Leda's Liquefaction      Hex/Erth       ##........   63%         4    ####...
 Regeneration             Chrm/Necr      #.........   69%         3    ###....
 Vampiric Draining        Necr           #.........   69%         3    ###....
 Animate Dead             Necr           N/A          97%         4    ####...


Dungeon Overview and Level Annotations

Branches:
Dungeon (10/15)
 Temple: D:4-7         Lair: D:8-11         Orc: D:9-12

Altars:
Elyvilon
Kikubaaqudgha
Vehumet
Yredelemnul


Innate Abilities, Weirdness & Mutations

You cannot be hasted, slowed, berserked, paralysed or teleported.
You can dig through walls and to a lower floor.
Your four strong arms can wield two-handed weapons with a shield.
You have a pair of large antennae on your head. (SInv)


Message History

The black bear is almost dead.
The black bear looks more healthy.
The black bear bites you!
* * * LOW HITPOINT WARNING * * *
You block the black bear's attack.
The black bear claws you but does no damage.
You feel better. The black bear bites you!
* * * LOW HITPOINT WARNING * * *
The black bear claws you but does no damage. x2
The black bear bites you.
* * * LOW HITPOINT WARNING * * *
The black bear claws you but does no damage.
The black bear misses you.
You fade into invisibility!
The black bear barely misses you. x3
You are very lightly contaminated with residual magic.
The black bear bites you.
* * * LOW HITPOINT WARNING * * *
The black bear misses you. The black bear barely misses you.
The black bear bites you.
You die...

#...<.## ***##.#
#.....# *,,,#.# #.....#
*,,,#.# ......# *,,,#.#
#.....# *,,,#.# #.....#
*,,,#.#
#.....#*****,,*#.#
####+##*,,**,,*#.#
,,*,,,,,,,,{,{,#@#####
,,*,,,,,,,,,,,,##h...##
+*******,,**,,**#####.#
,**,,,**,,**,,**,,,,#.#
,*,,,,,,,,,,,,,*,,,,#.#
,*,,,,,,,,,,,,,*,,,,#.#
,**,,***,***,***,,,,#.#
***,,***,***,***,,,,#.#
,+,,,,,,,,*,,,,,,,,,#.#


You could see a black bear (berserk).

Vanquished Creatures
  A hungry ghost (D:8)
  2 ice beasts
  A bullfrog (D:8)
  A howler monkey (D:7)
  A hound (D:8)
  2 orc priests
  2 centaur skeletons
  Natasha (thrice) (D:3)
  An orc wizard (D:7)
  7 adders
  6 gnolls
  A worm (D:1)
  3 dart slugs
  11 orcs
  5 giant cockroaches
  13 goblins
  10 hobgoblins
  13 jackals
  5 kobolds
  3 quokkas (D:2)
  A ball python (D:1)
  6 bats
  3 frilled lizards
  7 rats
108 creatures vanquished.

Notes
Turn   | Place    | Note
-------+----------+-------------------------------------------
     0 | D:1      | Oravi the Formicid Arcane Marksman began the quest for the
                  | Orb.
     0 | D:1      | Reached XP level 1. HP: 15/15 MP: 2/2
   179 | D:1      | Reached XP level 2. HP: 18/21 MP: 1/3
   183 | D:1      | Learned a level 2 spell: Slow
   666 | D:1      | Reached skill level 3 in Slings
   692 | D:1      | Reached XP level 3. HP: 26/26 MP: 5/5
  1874 | D:1      | You fall through a shaft!
  1959 | D:2      | Reached XP level 4. HP: 17/32 MP: 3/7
  2301 | D:2      | Reached skill level 1 in Shields
  2478 | D:2      | Reached skill level 4 in Slings
  2478 | D:2      | Reached XP level 5. HP: 29/37 MP: 6/8
  2786 | D:3      | Found a faded altar of an unknown god.
  3135 | D:3      | Found a radiant altar of Vehumet.
  3190 | D:3      | Reached XP level 6. HP: 24/43 MP: 7/10
  3195 | D:3      | Learned a level 3 spell: Portal Projectile
  3392 | D:3      | Noticed Natasha
  3403 | D:3      | Killed Natasha
  3905 | D:3      | Noticed Natasha
  3922 | D:3      | Killed Natasha
  3922 | D:3      | Reached skill level 5 in Hexes
  3952 | D:3      | Noticed Natasha
  3957 | D:3      | Killed Natasha
  3957 | D:3      | Reached skill level 5 in Slings
  4232 | D:4      | Reached XP level 7. HP: 48/48 MP: 9/11
  4303 | D:4      | Found an ancient bone altar of Kikubaaqudgha.
  4358 | D:4      | Found a white marble altar of Elyvilon.
  4380 | D:4      | You fall through a shaft for 3 floors!
  4605 | D:7      | Noticed a water moccasin
  4610 | D:7      | You fall through a shaft for 3 floors!
  4610 | D:10     | Entered Level 10 of the Dungeon
  4740 | D:10     | Reached skill level 6 in Slings
  4740 | D:10     | Reached XP level 8. HP: 42/54 MP: 12/14
  4957 | D:8      | Reached skill level 7 in Slings
  5493 | D:8      | Found a basalt altar of Yredelemnul.
  5575 | D:8      | Slain by a black bear

Vault maps used:
D:1:      dpeg_arrival_tiny_j, minmay_worlds_worst_comb
D:2:      minmay_misc_feat_hallway, chequers_jeans, st_stairs_1
D:3:      overflow_temple_1_default, chequers_ecumenical_altar_simple,
          uniq_natasha
D:4:      elyvilon_altar_1, nicolae_ru_sacrificial_ziggurat,
          kiku_gazebo_pond_becter, cheibrodos_sewer_entry_drain, uniq_duvessa,
          uniq_robin
D:7:      minmay_temple_entry_arrows, uniq_menkaure
D:8:      yredelemnul_altar_generic, uniq_joseph
D:9:      erik_orc_4, serial_shops, kennysheep_mini
D:10:     minmay_mirror_moons_of_madness

Skill      XL: |  1  2  3  4  5  6  7  8 |
---------------+-------------------------+-----
Slings         | 3 4 5 6 7 |  7.6
Hexes          | 4 5 6 |  6.6
Spellcasting   | 2 3 4 |  4.7
Shields        | 1 2 |  2.4
Fighting       | |  1.1
Dodging        | |  1.7

Action                   |  1- 3 |  4- 6 |  7- 9 || total
-------------------------+-------+-------+-------++-------
Melee: Short sword       |       |       |    11 ||    11
       Dagger            |       |       |    41 ||    41
 Fire: Hunting sling     |   133 |   186 |    88 ||   407
 Cast: Corona            |    40 |    35 |     6 ||    81
       Slow              |     2 |     1 |     4 ||     7
       Portal Projectile |       |       |     1 ||     1
 Abil: Dig               |       |     1 |     5 ||     6
       Shaft Self        |       |       |     1 ||     1
  Use: Scroll            |     5 |     3 |     3 ||    11
       Potion            |       |       |     6 ||     6
  Eat: Chunk             |     4 |     8 |     6 ||    18
       Ration            |       |       |     1 ||     1
Armor: Robe              |     7 |       |       ||     7
       Ring mail         |     2 |    22 |    30 ||    54
Dodge: Dodged            |    41 |    42 |    65 ||   148
Block: Buckler           |       |    10 |    28 ||    38

Table legend:
 A = Non-vault XP
 B = Vault XP
 C = Vault XP percentage of total XP
 D = Non-vault monster count
 E = Vault monster count
 F = Vault count percentage of total count
                 A         B        C        D         E       F
            +---------+---------+-------+---------+---------+-------
      Total |    1590 |      60 |   3.6 |     100 |       8 |   7.4
            +---------+---------+-------+---------+---------+-------
        D:1 |      55 |       8 |  12.7 |      25 |       4 |  13.8
        D:2 |     102 |      17 |  14.3 |      22 |       3 |  12.0
        D:3 |     258 |      35 |  11.9 |      28 |       1 |   3.4
        D:4 |      63 |       0 |   0.0 |       5 |       0 |   0.0
        D:7 |      98 |       0 |   0.0 |       5 |       0 |   0.0
        D:8 |     455 |       0 |   0.0 |       9 |       0 |   0.0
       D:10 |     559 |       0 |   0.0 |       6 |       0 |   0.0
            +---------+---------+-------+---------+---------+-------
